 Dungeon Crawl Stone Soup version bcrawl-1.27.3 (webtiles) character file.

Game seed: 10189921919371483223

121915 hurricos the Chopper (level 3, -1/21 HPs)
             Began as a Skeleton Skald on Oct 10, 2020.
             Slain by a sky beast (3 damage)
             ... on level 2 of the Dungeon.
             The game lasted 00:01:17 (1319 turns).

hurricos the Chopper (Skeleton Skald)               Turns: 1319, Time: 00:01:17

Health: -1/21      AC:  3    Str: 16 (17) XL:     3   Next: 53%
Magic:  0/7        EV: 12    Int: 11      God:
Gold:   53         SH:  4    Dex:  8 (9)  Spells: 5/8 levels left

rFire    . . .     SeeInvis .   a - +0 hand axe
rCold    + . .     Gourm    .   (no shield)
rNeg     + + +     Faith    .   h - +0 leather armour
rPois    ∞         Spirit   +   (no helmet)
rElec    .         Reflect  .   (no cloak)
rCorr    .         Harm     .   (no gloves)
MR       .....                  (no boots)
Stlth    +.........             (no amulet)
HPRegen  0.07/turn              (no ring)
MPRegen  0.10/turn              (no ring)

@: singing
A: no food or potions, cold resistance 1, deterioration 1, negative energy
resistance 3, torment resistance, unbreathing, magic shield, sturdy frame 1,
spell healing
a: no special abilities


You were on level 2 of the Dungeon.
You were not hungry.

You visited 1 branch of the dungeon, and saw 2 of its levels.

You collected 53 gold pieces.

Inventory:

Hand Weapons
 a - a +0 hand axe (weapon)
 b - a +1 short sword of flaming
Armour
 h - a +0 leather armour (worn)
Scrolls
 c - 5 scrolls of identify
 d - a scroll of fear
 g - a scroll of amnesia {unknown}


   Skills:
 - Level 2.0 Fighting
 + Level 3.9 Axes
 + Level 1.1 Armour
 + Level 2.3 Dodging
 + Level 3.4 Spellcasting
 + Level 3.5 Charms


You had 5 spell levels left.
You knew the following spells:

 Your Spells              Type           Power        Failure   Level  Hunger
a - Infusion              Chrm           #.......     6%          1    N/A
S - Song of Slaying       Chrm           #.......     10%         2    N/A

Your spell library contained the following spells:

 Spells                   Type           Power        Failure   Level  Hunger
 Ozocubu's Armour         Chrm/Ice       #.......     36%         3    N/A
 Spectral Weapon          Hex/Chrm       #.......     36%         3    N/A
 Regeneration             Chrm/Necr      Unusable     N/A         3    N/A

Dungeon Overview and Level Annotations

Branches:
Dungeon (2/12)

Altars:


Innate Abilities, Weirdness & Mutations

You do not eat or drink.
You are immune to poison.
Your flesh is cold resistant. (rC+)
Your body sometimes deteriorates upon taking damage.
You are immune to negative energy. (rN+++)
You are immune to unholy pain and torment.
You can survive without breathing.
When hurt, damage is shared between your health and your magic reserves.
Your movements are slightly less encumbered by armour. (ER -2)
Casting spells heals you.


Message History

You hit the dart slug.
The dart slug is heavily wounded.
You hit something. The dart slug launches a dart at you.
The slug dart misses you. Something hits you but does no damage.
You hit the dart slug but do no damage.
The dart slug is heavily wounded.
You barely miss something. Something hits you. Something shocks you.
The dart slug launches a dart at you. The slug dart misses you.
You slash the dart slug!
You kill the dart slug!
You miss something. Something barely misses you.
You hit something. Something hits you. Something shocks you.
* * * LOW HITPOINT WARNING * * *
Something hits you. Something shocks you.
* * * LOW HITPOINT WARNING * * *
Your body deteriorates!
You feel weakened.
You hit something but do no damage. Something hits you.
You die...

#............
#####...#####
#...# #(..#
#...#
#...######
######§§§......
.....§§§#######
.....§{@#
.....§§§§§....#
####.§§§§####.#
+.....# #.....#
#.....# #.....#
#.....#


There were no monsters in sight!

Vanquished Creatures
  3 dart slugs
  2 leopard geckos (D:1)
  A giant cockroach (D:1)
  3 goblins (D:1)
  8 hobgoblins
  4 jackals (D:2)
  7 kobolds
  3 ball pythons
  6 bats (D:1)
37 creatures vanquished.

Notes
Turn   | Place    | Note
-------+----------+-------------------------------------------
     0 | D:1      | hurricos the Skeleton Skald began the quest for the Orb.
     0 | D:1      | Reached XP level 1. HP: 12/12 MP: 4/4
    88 | D:1      | Reached XP level 2. HP: 9/17 MP: 1/6
   271 | D:1      | Learned a level 2 spell: Song of Slaying
   884 | D:1      | Reached XP level 3. HP: 20/21 MP: 7/7
  1307 | D:2      | Noticed a sky beast
  1319 | D:2      | Slain by a sky beast

Skill      XL: |  1 |
---------------+----+-----
Axes           | 3 |  3.9
Fighting       | |  2.0
Armour         | |  1.1
Dodging        | |  2.3
Spellcasting   | |  3.4
Charms         | |  3.5

Action                   || total
-------------------------++-------
Melee: Hand axe          ||   107
       Short sword       ||     5
 Cast: Song of Slaying   ||     7
  Use: Scroll            ||     2
Armor: Leather armour    ||    25
Dodge: Dodged            ||    92
Block: Other             ||     6
